 Dungeon Crawl Stone Soup version 0.18.1-50-g88ac8fd (webtiles) character file.

109 Iflex the Chucker (level 4, -6/45 HPs)
             Began as an Ogre Hunter on Oct 1, 2016.
             Was an Initiate of Okawaru.
             Mangled by Sigmund
             ... wielding a +0 scythe
              (9 damage)
             ... on level 3 of the Dungeon.
             The game lasted 00:19:27 (2433 turns).

Iflex the Chucker (Ogre Hunter)                     Turns: 2433, Time: 00:19:28

Health: -6/45      AC:  3    Str: 18    XL:     4   Next: 90%
Magic:  4/4        EV: 10    Int: 10    God:    Okawaru [......]
Gold:   77         SH:  0    Dex: 10    Spells: 0 memorised, 3 levels left

rFire  . . .     SeeInvis .     f - +0 club
rCold  . . .     Gourm    .     b - +0 robe
rNeg   + . .     Faith    .     (no shield)
rPois  .         Spirit   .     (helmet restricted)
rElec  .         Dismiss  .     (no cloak)
rCorr  +         Reflect  .     (gloves unavailable)
SustAt .         Harm     .     (boots unavailable)
MR     .....                    (no amulet)
Stlth  +.........               t - ring of positive energy
                                e - ring of resist corrosion

@: about to teleport, not resistant to hostile enchantments, very unstealthy
A: unfitting armour, tough skin 1
a: Renounce Religion


You were on level 3 of the Dungeon.
You worshipped Okawaru.
Okawaru was noncommittal.
You were completely stuffed.

You visited 1 branch of the dungeon, and saw 3 of its levels.

You collected 77 gold pieces.

Inventory:

Hand Weapons
 a - a +0 short sword
 f - a +0 club (weapon)
 s - a +0 club
 u - a -2 club
Missiles
 p - 98 stones (quivered)
Armour
 b - a +0 robe (worn)
 n - a cursed +0 leather armour
Jewellery
 e - a ring of resist corrosion (left hand)
 t - a ring of positive energy (right hand)
Scrolls
 g - a scroll of random uselessness
 h - a scroll of remove curse
 o - a scroll of amnesia
Potions
 k - a potion of degeneration {unknown}
 l - a potion of flight {unknown}
 w - a potion of might
Comestibles
 c - a chunk of flesh


   Skills:
 + Level 3.3 Fighting
 + Level 0.2 Short Blades
 + Level 1.0 Maces & Flails
 + Level 4.8 Throwing
 + Level 3.1 Dodging
 + Level 0.8 Stealth


You had 3 spell levels left.
You didn't know any spells.

Dungeon Overview and Level Annotations

Branches:
Dungeon (3/15)

Altars:
Elyvilon
Fedhas
Okawaru
Vehumet

Annotations:
D:3 Ijyb, Sigmund


Innate Abilities, Weirdness & Mutations

You are too large for most types of armour.
You have tough skin (AC +1).


Message History

The jackal bites you.
* * * LOW HITPOINT WARNING * * *
You enter the shallow water.
Moving in this stuff is going to be slow.
The bat hits you but does no damage. The jackal bites you.
* * * LOW HITPOINT WARNING * * *
Your surroundings suddenly seem different.
Sigmund the Dreaded comes into view.
He is wielding a scythe.
Sigmund shouts!
Sigmund barely misses you.
Found 16 gold pieces and 2 white potions.
Found a stone staircase leading up.
A bat comes into view.
The bat hits you but does no damage.
Sigmund points at you and mumbles some strange words.
You resist with some effort. The bat hits you but does no damage.
As you read the scroll of teleportation, it crumbles to dust.
You feel strangely unstable. The bat hits you but does no damage.
Sigmund hits you from afar with a scythe!
You die...

#.#... .#
#.#..! .#
#.#... .# #
#...#.######
##.#.........$.
...............
......@........
######..######
.......@b....#
#####..........
#...##...#.
#...# ##.#
#<... .. ###.#
# #.. #..


You could see Sigmund and a bat.

Vanquished Creatures
  An orc wizard (D:3)
  3 adders
  A giant gecko (D:1)
  3 orcs (D:3)
  4 giant cockroaches
  4 goblins
  5 hobgoblins
  4 jackals (D:1)
  5 bats
  4 giant newts
  6 kobolds
  8 rats
48 creatures vanquished.

Notes
Turn   | Place    | Note
--------------------------------------------------------------
     0 | D:1      | Iflex the Ogre Hunter began the quest for the Orb.
     0 | D:1      | Reached XP level 1. HP: 22/22 MP: 1/1
   153 | D:1      | Reached XP level 2. HP: 29/29 MP: 2/2
   718 | D:1      | Reached XP level 3. HP: 34/36 MP: 3/3
  1253 | D:2      | Found a blossoming altar of Fedhas.
  1254 | D:2      | Found a radiant altar of Vehumet.
  1349 | D:2      | Found a white marble altar of Elyvilon.
  1400 | D:2      | Reached XP level 4. HP: 24/45 MP: 4/4
  1749 | D:2      | Found an iron altar of Okawaru.
  1754 | D:2      | Became a worshipper of Warmaster Okawaru
  2081 | D:3      | HP: 2/45 [poisoned by an adder]
  2381 | D:3      | Reached skill level 1 in Maces & Flails
  2414 | D:3      | Noticed Ijyb
  2430 | D:3      | HP: 2/45 [jackal (2)]
  2431 | D:3      | Noticed Sigmund
  2433 | D:3      | Mangled by Sigmund

Skill      XL: |  1  2  3  4 |
---------------+-------------+-----
Dodging        | 2 3 |  3.1
Fighting       | 3 |  3.3
Maces & Flails | 1 |  1.0
Short Blades   | |  0.2
Throwing       | |  4.8
Stealth        | |  0.8

Action                   |  1- 3 |  4- 6 || total
-------------------------+-------+-------++-------
Melee: Short sword       |    45 |       ||    45
       Club              |    47 |    38 ||    85
Throw: Large rock        |    36 |    10 ||    46
       Throwing net      |     3 |     3 ||     6
       Javelin           |       |     6 ||     6
       Stone             |       |     4 ||     4
  Use: Scroll            |     3 |     6 ||     9
       Potion            |     2 |     2 ||     4
 Stab: Sleeping          |       |     1 ||     1
  Eat: Bread ration      |     1 |       ||     1
       Fruit             |       |     5 ||     5
       Meat ration       |       |     1 ||     1
Armor: Robe              |    68 |    21 ||    89
Dodge: Dodged            |   103 |    27 ||   130
